 Dungeon Crawl Stone Soup version 0.25.0-10-g039870e (webtiles) character file.

Game seed: 17611507935223294503

362 Faca the Magician (level 6, 0/47 HPs)
             Began as a Gnoll Wanderer on June 22, 2020.
             Slain by an ogre
             ... wielding a +0 giant club
              (11 damage)
             ... on level 4 of the Dungeon.
             The game lasted 00:07:19 (4277 turns).

Faca the Magician (Gnoll Wanderer)                  Turns: 4277, Time: 00:07:20

Health: 0/47       AC: 12    Str: 17    XL:     6   Next: 66%
Magic:  16/16      EV:  8    Int: 15    God:
Gold:   281        SH: 10    Dex: 13    Spells: 19/19 levels left

rFire    . . .     SeeInvis .   a - +0 spear
rCold    . . .     Gourm    .   b - +1 kite shield
rNeg     . . .     Faith    .   k - +0 scale mail
rPois    .         Spirit   .   (no helmet)
rElec    .         Reflect  .   f - +0 cloak
rCorr    .         Harm     .   (no gloves)
MR       .....                  (no boots)
Stlth    +.........             (no amulet)
HPRegen  0.15/turn              h - +4 ring of protection
MPRegen  0.15/turn              (no ring)

@: no status effects
A: distributed training, fangs 1, strong nose
a: no special abilities


You were on level 4 of the Dungeon.
You were not hungry.

You visited 1 branch of the dungeon, and saw 4 of its levels.
You also visited: Sewer.

You collected 281 gold pieces.

Inventory:

Hand Weapons
 a - a +0 spear (weapon)
Missiles
 g - 6 boomerangs (quivered)
Armour
 b - a +1 kite shield (worn)
 f - a +0 cloak (worn)
 k - a +0 scale mail (worn)
 q - a +0 chain mail
Jewellery
 h - a +4 ring of protection (left hand)
 t - an uncursed amulet of faith
Wands
 n - a wand of paralysis (11)
 p - a wand of random effects (18)
 s - a wand of polymorph (6)
Scrolls
 c - 3 scrolls of fear
 i - 2 scrolls of identify
 m - 2 scrolls of fog
 r - 4 scrolls of teleportation
Potions
 e - 5 potions of curing
 j - 2 potions of cancellation
 l - 5 potions of flight
 o - 2 potions of resistance
Comestibles
 d - 6 rations


   Skills:
 + Level 3.3 Fighting
 + Level 2.0 Short Blades
 + Level 2.0 Long Blades
 + Level 2.0 Axes
 + Level 2.0 Maces & Flails
 + Level 2.0 Polearms
 + Level 2.0 Staves
 + Level 2.0 Slings
 + Level 2.0 Bows
 + Level 2.0 Crossbows
 + Level 2.0 Throwing
 + Level 5.0 Armour
 + Level 2.0 Dodging
 + Level 2.0 Stealth
 + Level 5.0 Shields
 + Level 2.0 Unarmed Combat
 + Level 7.4 Spellcasting
 + Level 1.6 Conjurations
 + Level 1.6 Hexes
 + Level 1.6 Charms
 + Level 1.6 Summonings
 + Level 4.1 Necromancy
 + Level 1.6 Translocations
 + Level 1.6 Transmutations
 + Level 1.6 Fire Magic
 + Level 1.6 Ice Magic
 + Level 1.6 Air Magic
 + Level 1.6 Earth Magic
 + Level 1.6 Poison Magic
 + Level 2.2 Invocations
 + Level 2.0 Evocations


You had 19 spell levels left.
You didn't know any spells.
Your spell library was empty.

Dungeon Overview and Level Annotations

Branches:
Dungeon (4/15)              Sewer (visited)
 Temple: D:4-7

Altars:
Kikubaaqudgha

Shops:
D:4 %


Innate Abilities, Weirdness & Mutations

Your experience applies equally to all skills.
You have very sharp teeth.
Your uncanny sense of smell can sniff out nearby items.


Message History

The ogre is lightly wounded.
You block the ogre's attack.
You hit the ogre. Your bite misses the ogre.
The ogre is moderately wounded.
The ogre hits you with a +0 giant club!
You hit the ogre.
The ogre is moderately wounded.
The ogre hits you with a +0 giant club!!
* * * LOW HITPOINT WARNING * * *
You are too injured to fight recklessly!
You are too injured to fight recklessly!
You completely miss the ogre.
The ogre is moderately wounded.
You hit the ogre. You bite the ogre.
The ogre is heavily wounded.
You block the ogre's attack.
You hit the ogre.
The ogre is severely wounded.
The ogre hits you with a +0 giant club!
You die...

). ##
###.....#####.###.
.∆
..............#....
...####....###.###)
#..####.#..###.# #.
#..##...#...##.# #.
#..##.#####.##.# #[
#..##...#...##)# #.
#.O####.#...##.###.
#.@####....#.......
##...........##.####
#.......###.###.....
#.....###.#.#.##
######
.>.....)..##.##
##############


You could see an ogre.

Vanquished Creatures
  An ogre (D:4)
  An iguana (D:4)
  Ijyb (D:3)
  A merfolk siren (Sewer)
  A worker ant (D:4)
  A merfolk avatar (Sewer)
  4 adders
  2 river rats (Sewer)
  2 oozes
  10 leopard geckos
  An orc (D:3)
  6 ball pythons
  6 bats
  6 giant cockroaches
  4 goblins
  4 hobgoblins
  3 jackals (D:3)
  3 quokkas
  5 frilled lizards
  6 kobolds
  27 rats
95 creatures vanquished.

Vanquished Creatures (others)
  A human (D:4)
1 creature vanquished.

Grand Total: 96 creatures vanquished

Notes
Turn   | Place    | Note
-------+----------+-------------------------------------------
     0 | D:1      | Faca the Gnoll Wanderer began the quest for the Orb.
     0 | D:1      | Faca set off with the following items: a +0 spear, a +0
                  | kite shield, a +0 ring mail, a ration
     0 | D:1      | Reached XP level 1. HP: 17/17 MP: 8/8
   295 | D:1      | Reached XP level 2. HP: 23/23 MP: 10/10
  1175 | D:2      | Reached XP level 3. HP: 28/28 MP: 11/11
  1527 | D:2      | Reached skill level 1 in Invocations
  1959 | D:3      | Reached skill level 1 in Short Blades
  1959 | D:3      | Reached skill level 1 in Long Blades
  1959 | D:3      | Reached skill level 1 in Axes
  1959 | D:3      | Reached skill level 1 in Maces & Flails
  1959 | D:3      | Reached skill level 1 in Polearms
  1959 | D:3      | Reached skill level 1 in Staves
  1959 | D:3      | Reached skill level 1 in Slings
  1959 | D:3      | Reached skill level 1 in Bows
  1959 | D:3      | Reached skill level 1 in Crossbows
  1959 | D:3      | Reached skill level 1 in Throwing
  1959 | D:3      | Reached skill level 1 in Dodging
  1959 | D:3      | Reached skill level 1 in Stealth
  1959 | D:3      | Reached skill level 1 in Unarmed Combat
  1959 | D:3      | Reached skill level 1 in Evocations
  2157 | D:3      | Reached XP level 4. HP: 34/34 MP: 13/13
  2205 | D:3      | Noticed Ijyb
  2228 | D:3      | Paralysed by Ijyb for 5 turns
  2242 | D:3      | Killed Ijyb
  2265 | D:3      | Found a glowing drain.
  2290 | D:3      | Reached skill level 1 in Conjurations
  2290 | D:3      | Reached skill level 1 in Hexes
  2290 | D:3      | Reached skill level 1 in Charms
  2290 | D:3      | Reached skill level 1 in Summonings
  2290 | D:3      | Reached skill level 1 in Translocations
  2290 | D:3      | Reached skill level 1 in Transmutations
  2290 | D:3      | Reached skill level 1 in Fire Magic
  2290 | D:3      | Reached skill level 1 in Ice Magic
  2290 | D:3      | Reached skill level 1 in Air Magic
  2290 | D:3      | Reached skill level 1 in Earth Magic
  2290 | D:3      | Reached skill level 1 in Poison Magic
  2297 | Sewer    | Entered a sewer
  2467 | Sewer    | Reached XP level 5. HP: 18/40 MP: 14/14
  2970 | Sewer    | Noticed a malarious merfolk avatar
  3028 | Sewer    | Killed a malarious merfolk avatar
  3377 | D:3      | Reached XP level 6. HP: 43/47 MP: 16/16
  3696 | D:4      | Found an ancient bone altar of Kikubaaqudgha.
  3697 | D:4      | Noticed a human
  3700 | D:4      | Killed a human
  3920 | D:4      | Found Edghaux's Food Shoppe.
  3960 | D:4      | Reached skill level 5 in Armour
  3960 | D:4      | Reached skill level 5 in Shields
  4277 | D:4      | Slain by an ogre

Illustrated notes

Levels and vault maps discovered:
D:1:      psy_arrival_dodecagon, layout_basic
D:2:      layout_loops_corners
D:3:      layout_loops_cross, first_ration, portal_sewer_entry_f, st_stairs_9,
          uniq_ijyb
D:4:      layout_loops_ring, serial_shops, shop, tgw_kikubaaqudgha

Skill      XL: |  1  2  3  4  5  6 |
---------------+-------------------+-----
Invocations    | 1 2 |  2.2
Short Blades   | 1 2 |  2.0
Long Blades    | 1 2 |  2.0
Axes           | 1 2 |  2.0
Maces & Flails | 1 2 |  2.0
Polearms       | 1 2 |  2.0
Staves         | 1 2 |  2.0
Slings         | 1 2 |  2.0
Bows           | 1 2 |  2.0
Crossbows      | 1 2 |  2.0
Throwing       | 1 2 |  2.0
Dodging        | 1 2 |  2.0
Stealth        | 1 2 |  2.0
Unarmed Combat | 1 2 |  2.0
Evocations     | 1 2 |  2.0
Conjurations   | 1 |  1.6
Hexes          | 1 |  1.6
Charms         | 1 |  1.6
Summonings     | 1 |  1.6
Translocations | 1 |  1.6
Transmutations | 1 |  1.6
Fire Magic     | 1 |  1.6
Ice Magic      | 1 |  1.6
Air Magic      | 1 |  1.6
Earth Magic    | 1 |  1.6
Poison Magic   | 1 |  1.6
Fighting       | 3 |  3.3
Necromancy     | 4 |  4.1
Armour         | 5 |  5.0
Shields        | 5 |  5.0
Spellcasting   | |  7.4

Action                   |  1- 3 |  4- 6 || total
-------------------------+-------+-------++-------
Melee: Spear             |   156 |   337 ||   493
       Bite              |    15 |    32 ||    47
Throw: Boomerang         |       |     2 ||     2
  Use: Scroll            |     3 |     7 ||    10
  Eat: Chunk             |     4 |     5 ||     9
       Ration            |       |     1 ||     1
Armor: Ring mail         |    30 |       ||    30
       Scale mail        |    31 |   159 ||   190
Dodge: Dodged            |    33 |    96 ||   129
Block: Kite shield       |    63 |   148 ||   211
